General information
- name: BNet
- type: Ladder 1vs1/FFA
- host: Battle.net
- saver: Brotoss
map: TirisfalGlades
- players: 2
- length: 23:15
- speed: Fast
- version: 1.24 W3XP
- replay type: Public
» download(66 KB)
Players
team 1 (loser)
C-DawG (
teal | 43 APM | 1004 actions | 23:13)
3 Blademaster
2 Wind Walk
1 Critical Strike
2 Shadow Hunter
1 Healing Wave
1 Hex
» actions
| Assign group hotkey | 18 | |
| Basic commands | 5 | |
| Build / train | 50 | |
| Enter build submenu | 19 | |
| Enter hero's abilities submenu | 5 | |
| Remove unit from queue | 3 | |
| Right click | 596 | |
| Select / deselect | 231 | |
| Select group hotkey | 28 | |
| Use ability | 49 | |
1004 total
» units
| Peon | 5 | |
| Grunt | 6 | |
| Raider | 16 | |
| Wind Rider | 1 | |
| Demolisher | 3 | |
| Spirit Walker | 2 | |
33 total
» upgrades
| Pillage | 1 | |
| Armor | 1 | |
| Ensnare | 1 | |
| Melee Weapons | 1 | |
| Ranged Weapons | 1 | |
5 total
» buildings
| War Mill | 1 | |
| Altar of Storms | 1 | |
| Orc Burrow | 8 | |
| Watch Tower | 1 | |
| Barracks | 1 | |
| Stronghold | 1 | |
| Voodoo Lounge | 1 | |
| Beastiary | 1 | |
| Great Hall | 2 | |
| Spirit Lodge | 1 | |
18 total
» build order
00:10 War Mill
00:54 Altar of Storms
01:13 Orc Burrow
01:28 Watch Tower
02:16 Barracks
02:59 Stronghold
03:45 Orc Burrow
04:01 Voodoo Lounge
05:22 Beastiary
05:41 Orc Burrow
08:09 Orc Burrow
08:27 Orc Burrow
10:32 Great Hall
11:08 Great Hall
13:21 Orc Burrow
13:38 Orc Burrow
14:27 Orc Burrow
18:54 Spirit Lodge
» items
team 2 (winner)
Brotoss (
purple | 65 APM | 1518 actions | 23:15)
4 Archmage
2 Blizzard
2 Brilliance Aura
3 Blood Mage
2 Flame Strike
1 Banish
» actions
| Assign group hotkey | 46 | |
| Basic commands | 56 | |
| Build / train | 119 | |
| ESC pressed | 3 | |
| Enter build submenu | 63 | |
| Enter hero's abilities submenu | 6 | |
| Give item / drop item | 3 | |
| Remove unit from queue | 1 | |
| Right click | 550 | |
| Select / deselect | 349 | |
| Select group hotkey | 175 | |
| Use ability | 147 | |
1518 total
» units
| Peasant | 33 | |
| Mortar Team | 4 | |
| Sorceress | 2 | |
| Flying Machine | 4 | |
| Dragonhawk Rider | 2 | |
45 total
» upgrades
| Masonry | 1 | |
| Lumber Harvesting | 1 | |
| Magic Sentry | 1 | |
| Sorceress Training | 1 | |
| Flare | 1 | |
| Gunpowder | 3 | |
| Armor | 1 | |
| Plating | 1 | |
| Fragmentation Shards | 1 | |
| Flak Cannons | 1 | |
| Flying Machine Bombs | 1 | |
13 total
» buildings
| Altar of Kings | 1 | |
| Farm | 11 | |
| Arcane Vault | 2 | |
| Lumber Mill | 1 | |
| Scout Tower | 44 | |
| Arcane Tower | 8 | |
| Town Hall | 2 | |
| Guard Tower | 19 | |
| Keep | 3 | |
| Blacksmith | 1 | |
| Arcane Sanctum | 1 | |
| Workshop | 2 | |
| Castle | 1 | |
| Gryphon Aviary | 2 | |
98 total
» build order
00:08 Altar of Kings
00:21 Farm
00:41 Arcane Vault
00:46 Farm
00:52 Lumber Mill
01:04 Scout Tower
01:38 Scout Tower
02:01 Scout Tower
02:10 Arcane Tower
02:34 Scout Tower
02:35 Scout Tower
02:37 Arcane Tower
03:37 Farm
04:03 Town Hall
04:06 Scout Tower
04:07 Scout Tower
04:11 Scout Tower
04:18 Arcane Vault
04:21 Guard Tower
04:31 Guard Tower
04:33 Scout Tower
04:35 Scout Tower
05:01 Arcane Tower
05:01 Arcane Tower
05:03 Scout Tower
05:04 Scout Tower
05:05 Scout Tower
05:06 Scout Tower
05:39 Arcane Tower
05:40 Guard Tower
05:44 Scout Tower
05:52 Guard Tower
06:00 Guard Tower
06:19 Guard Tower
06:22 Keep
06:22 Keep
06:22 Keep
06:48 Blacksmith
06:54 Scout Tower
06:55 Scout Tower
07:51 Guard Tower
08:26 Farm
08:29 Farm
08:45 Arcane Sanctum
08:48 Workshop
09:29 Castle
09:56 Scout Tower
09:57 Scout Tower
09:58 Scout Tower
10:01 Workshop
10:30 Guard Tower
10:30 Guard Tower
10:32 Scout Tower
10:55 Guard Tower
11:14 Guard Tower
11:35 Scout Tower
12:09 Scout Tower
12:10 Scout Tower
12:11 Scout Tower
12:12 Scout Tower
12:39 Arcane Tower
13:26 Scout Tower
13:27 Scout Tower
13:29 Guard Tower
14:01 Guard Tower
14:18 Guard Tower
14:32 Scout Tower
14:33 Scout Tower
15:36 Guard Tower
15:40 Gryphon Aviary
15:41 Gryphon Aviary
15:44 Farm
15:46 Farm
15:47 Farm
15:48 Farm
15:48 Farm
15:49 Farm
16:54 Scout Tower
16:55 Scout Tower
17:26 Guard Tower
17:58 Scout Tower
18:08 Town Hall
18:16 Scout Tower
18:17 Scout Tower
18:17 Scout Tower
18:18 Scout Tower
18:19 Scout Tower
18:20 Scout Tower
18:40 Scout Tower
18:41 Scout Tower
18:56 Guard Tower
19:21 Guard Tower
19:47 Guard Tower
20:10 Scout Tower
20:11 Scout Tower
20:12 Scout Tower
20:42 Arcane Tower
21:09 Arcane Tower
» items
| Scroll of Regeneration | 4 | |
| Mechanical Critter | 2 | |
| Lesser Clarity Potion | 1 | |
| Boots of Speed | 2 | |
| Staff of Teleportation | 1 | |
| Staff of Sanctuary | 2 | |
| Scroll of Town Portal | 1 | |
| Potion of Healing | 2 | |
| Potion of Mana | 1 | |
| Periapt of Vitality | 1 | |
17 total
Chat log
(14:01 / All) Brotoss: lol
(16:58 / All) Brotoss: lemme help you
(17:38 / All) Brotoss: ur guys died :(
(18:28 / All) Brotoss: dont go air
(18:29 / All) Brotoss: bad idea
(19:44 / All) Brotoss: more raiders?
(19:45 / All) Brotoss: ;\
(20:43 / All) Brotoss: so tell me
(20:50 / All) Brotoss: where does a name like "c-dawg" come from
(21:09 / All) C-DawG: a nick name from a bunch of brothers
(21:15 / All) Brotoss: a bunch of brothers
(21:17 / All) Brotoss: thats a big family
(21:20 / All) Brotoss: you from kentucky?
(21:32 / All) Brotoss: you need 4 peons on your gold mine btw
(21:54 / All) Brotoss: i mean
(21:56 / All) Brotoss: you have 4
(21:58 / All) Brotoss: you need 5
(22:45 / All) Brotoss: hmm
(22:47 / All) Brotoss: leave?
(23:06 / All) C-DawG: ya i got nuttin, dont kno how the hell u did that. gg homie